 Dungeon Crawl Stone Soup version 0.23.2-33-g5129a83184 (webtiles) character file.

Game seed: 5302885836168179322

6 Descartes the Insei (level 1, 0/10 HPs)
             Began as a Vine Stalker Transmuter on July 27, 2019.
             Slain by a goblin
             ... wielding a +0 club
              (1 damage)
             ... on level 1 of the Dungeon.
             The game lasted 00:01:13 (281 turns).

Descartes the Insei (Vine Stalker Transmuter)        Turns: 281, Time: 00:01:14

Health: 0/10       AC:  2    Str: 12    XL:     1   Next: 90%
Magic:  0/4        EV: 12    Int: 13    God:
Gold:   17         SH:  0    Dex: 14    Spells: 3/4 levels left

rFire    . . .     SeeInvis .     - Unarmed
rCold    . . .     Gourm    .   (no shield)
rNeg     . . .     Faith    .   b - +0 robe
rPois    .         Spirit   +   (no helmet)
rElec    .         Reflect  .   (no cloak)
rCorr    .         Harm     .   (no gloves)
MR       .....                  (boots currently unavailable)
Stlth    +.........             (no amulet)
HPRegen  0.03/turn              (no ring)
MPRegen  0.09/turn              (no ring)

@: appendage (expiring)
A: fangs 2, talons 3, magic shield, antimagic bite, no potion heal 3, rot
immunity
a: End Transformation


You were on level 1 of the Dungeon.
You were not hungry.
You had grown temporary talons.
You visited 1 branch of the dungeon, and saw 1 of its levels.

You collected 17 gold pieces.

Inventory:

Missiles
 a - 12 arrows
 f - 14 bolts
Armour
 b - a +0 robe (worn)
Scrolls
 e - a scroll of identify {unknown}
Potions
 g - a potion of heal wounds {unknown}
Comestibles
 c - 3 chunks of flesh
 d - a ration


   Skills:
 + Level 1.0 Fighting
 + Level 0.1 Armour
 + Level 1.6 Dodging
 + Level 0.3 Stealth
 * Level 3.0 Unarmed Combat
 + Level 2.2 Spellcasting
 * Level 2.1 Transmutations


You had 3 spell levels left.
You knew the following spells:

 Your Spells              Type           Power        Failure   Level  Hunger
a - Beastly Appendage     Tmut           #.....       11%         1    ##.....

Your spell library contained the following spells:

 Spells                   Type           Power        Failure   Level  Hunger
 Sticks to Snakes         Tmut           #.......     16%         2    ###....
 Spider Form              Tmut/Pois      #.........   43%         3    ####...
 Ice Form                 Ice/Tmut       #.......     85%         4    #####..
 Blade Hands              Tmut           #.........   96%         5    ######.


Dungeon Overview and Level Annotations

Branches:
Dungeon (1/15)

Altars:


Innate Abilities, Weirdness & Mutations

You have extremely sharp teeth.
When hurt, damage is shared between your health and your magic reserves.
Your bite disrupts and absorbs the magic of your enemies.
Potions cannot restore your health.
You are immune to rotting.
You have claws for feet.


Message History

You are too injured to fight recklessly!
You barely miss the kobold. Your kick misses the kobold.
The bat closely misses you. The kobold barely misses you.
You hit the kobold. You bite the kobold, but do no damage.
The kobold is severely wounded.
The bat barely misses you. The kobold hits you but does no damage.
You hit the kobold but do no damage. You bite the kobold, but do no damage.
The kobold is severely wounded.
The bat misses you. The bat completely misses you.
You hit the kobold.
You kill the kobold!
The bat barely misses you. The goblin hits you with a +0 club.
* * * LOW HITPOINT WARNING * * *
The bat hits you.
* * * LOW HITPOINT WARNING * * *
The goblin barely misses you.
You see here a kobold corpse.
The bat misses you. The bat barely misses you.
The goblin hits you with a +0 club.
You die...

#.# ###.# .# # #.#
#...# .### #. #.#
#.#.#.... # #. #.#
#.#.#..# ##
#.###.##.###.#.#..#...
......................
......................
#.#........b@.......
####.#..#.##...g.#.###.
..........#....!...#
####.#..#.#......###
....................
#.......#.#.##...##..
................... #
######...##########..
.....................


You could see a goblin and a bat.

Vanquished Creatures
  A goblin (D:1)
  A hobgoblin (D:1)
  2 bats (D:1)
  A frilled lizard (D:1)
  A kobold (D:1)
  A rat (D:1)
7 creatures vanquished.

Notes
Turn   | Place    | Note
-------+----------+-------------------------------------------
     0 | D:1      | Descartes the Vine Stalker Transmuter began the quest for
                  | the Orb.
     0 | D:1      | Reached XP level 1. HP: 9/9 MP: 4/4
   221 | D:1      | Reached skill level 1 in Fighting
   281 | D:1      | Slain by a goblin

Skill      XL: |  1 |
---------------+----+-----
Fighting       | 1 |  1.0
Armour         | |  0.1
Dodging        | |  1.6
Stealth        | |  0.3
Unarmed Combat | |  3.0
Spellcasting   | |  2.2
Transmutations | |  2.1

Action                   || total
-------------------------++-------
Melee: Unarmed           ||    27
       Kick              ||     5
       Bite              ||     4
 Cast: Beastly Appendage ||     7
Armor: Robe              ||    14
Dodge: Dodged            ||    29
